 Dungeon Crawl Stone Soup version bcrawl-1.20.1-3-gdcb1fc31ed (webtiles) character file.

Game seed: 18437764043936753796

46 KristoblXynda the Slasher (level 3, -1/29 HPs)
             Began as a Draconian Gladiator on Jan 30, 2020.
             Slain by a gnoll
             ... wielding a +0 spear
              (7 damage)
             ... on level 2 of the Dungeon.
             The game lasted 00:02:01 (1336 turns).

KristoblXynda the Slasher (Draconian Gladiator)     Turns: 1336, Time: 00:02:01

Health: -1/29      AC:  5    Str: 16    XL:     3   Next: 44%
Magic:  3/3        EV: 12    Int:  9    God:
Gold:   85         SH:  4    Dex: 12    Spells: 2/2 levels left

rFire    . . .     SeeInvis .   a - +0 long sword
rCold    . . .     Gourm    .   j - +0 buckler
rNeg     . . .     Faith    .   (armour unavailable)
rPois    .         Spirit   .   b - +0 hat
rElec    .         Reflect  .   (no cloak)
rCorr    .         Harm     .   (no gloves)
MR       .....                  (no boots)
Stlth    +.........             (no amulet)
HPRegen  0.09/turn              (no ring)
MPRegen  0.08/turn              (no ring)

@: no status effects
A: unfitting armour, cold-blooded, AC +5
a: no special abilities


You were on level 2 of the Dungeon.
You were not hungry.

You visited 1 branch of the dungeon, and saw 2 of its levels.

You collected 85 gold pieces.

Inventory:

Hand Weapons
 a - a +0 long sword (weapon)
Missiles
 c - 4 throwing nets (quivered) {!f}
Armour
 b - a +0 hat (worn)
 j - a +0 buckler (worn)
Scrolls
 d - a scroll of teleportation {unknown}
 f - a scroll of fog {unknown}
 h - 3 scrolls of magic mapping {unknown}
 i - 3 scrolls of identify {unknown}
 m - 3 scrolls of noise {unknown}
 n - a scroll of fear {unknown}
Potions
 g - 2 potions of curing {unknown}
 k - 2 potions of heal wounds {unknown}
 l - a potion of mutation {unknown}
Comestibles
 e - 2 rations {!d}


   Skills:
 - Level 2.1 Fighting
 * Level 3.9 Long Blades
 - Level 2.0 Throwing
 + Level 3.1 Dodging
 + Level 0.4 Shields


You had 2 spell levels left.
You didn't know any spells.
Your spell library was empty.

Dungeon Overview and Level Annotations

Branches:
Dungeon (2/12)

Altars:
Dithmenos


Innate Abilities, Weirdness & Mutations

Your plain brown scales are hard. (AC +5)
You cannot fit into any form of body armour.
You are cold-blooded and may be slowed by cold attacks.


Message History

The gnoll hits you but does no damage. The gnoll misses you.
The gnoll hits you. The gnoll closely misses you.
You closely miss the gnoll.
Your tail-slap misses the gnoll.
The gnoll hits you.
The gnoll hits you from afar with a +0 spear.
The gnoll barely misses you.
You barely miss the gnoll.
The gnoll hits you from afar with a +0 spear.
* * * LOW HITPOINT WARNING * * *
You block the gnoll's attack.
You slash the gnoll! You tail-slap the gnoll.
The gnoll is severely wounded.
You block the gnoll's attack. The gnoll closely misses you.
You slash the gnoll!
You kill the gnoll!
The gnoll hits you from afar with a +0 spear.
* * * LOW HITPOINT WARNING * * *
The gnoll hits you from afar with a +0 spear!
You die...

#.#.#.#.....#.# #..
...#.#.##..#.# #..
#.#.#.##..#.#######..
#............g†.g...#
#.#..###.##.#######.#
#.#......g..# #####'#
#####.##..##.######......
#...#.###.##g# #.+......
#.....@.g..# #.#......
##########.######.#.#
#.##.....
................#.#.#
#.##.....
................#.#.#
#..'.....
..........<.....#...#
####.....
........)..)....##..#
#.....
................##.>#
#.....
................#####
#..... ................#
#.....


You could see 2 gnolls.

Vanquished Creatures
  A gnoll (D:2)
  A dart slug (D:2)
  3 leopard geckos
  2 orcs (D:2)
  2 giant cockroaches (D:2)
  A goblin (D:1)
  5 hobgoblins
  3 kobolds
  A quokka (D:2)
  4 bats
  A frilled lizard (D:2)
  3 rats (D:1)
27 creatures vanquished.

Notes
Turn   | Place    | Note
-------+----------+-------------------------------------------
     0 | D:1      | KristoblXynda the Draconian Gladiator began the quest for
                  | the Orb.
     0 | D:1      | Reached XP level 1. HP: 17/17 MP: 1/1
   227 | D:1      | Reached XP level 2. HP: 18/24 MP: 2/2
  1118 | D:2      | Found a shadowy altar of Dithmenos.
  1147 | D:2      | Reached XP level 3. HP: 25/29 MP: 3/3
  1336 | D:2      | Slain by a gnoll

Skill      XL: |  1  2 |
---------------+-------+-----
Throwing       | 2 |  2.0
Dodging        | 3 |  3.1
Fighting       | |  2.1
Long Blades    | |  3.9
Shields        | |  0.4

Action                   || total
-------------------------++-------
Melee: Long sword        ||    73
       Tailslap          ||     5
  Eat: Chunk             ||     1
Armor: Skin              ||    28
Dodge: Dodged            ||    57
Block: Buckler           ||    13
